 Dungeon Crawl Stone Soup version 0.23.2 (webtiles) character file.

Game seed: 17701964320479284776

4657 Gargoyl the Skirmisher (level 10, -2/86 HPs)
             Began as a Centaur Abyssal Knight on Apr 4, 2019.
             Was a High Priest of Lugonu.
             Killed by the air
             ... invoked by Gastronok
              (20 damage)
             ... on level 9 of the Dungeon.
             The game lasted 00:22:30 (10699 turns).

Gargoyl the Skirmisher (Centaur Abyssal Knight)    Turns: 10699, Time: 00:22:30

Health: -2/86      AC: 10    Str: 14    XL:     10   Next: 20%
Magic:  11/15      EV:  6    Int: 11    God:    Lugonu [*****.]
Gold:   307        SH:  7    Dex: 11    Spells: 9/9 levels left

rFire    . . .     SeeInvis +   y - +1 hand axe (elec)
rCold    . . .     Gourm    .   r - +0 shield
rNeg     + . .     Faith    .   B - +0 scale mail
rPois    .         Spirit   .   (no helmet)
rElec    .         Reflect  .   p - +2 cloak
rCorr    .         Harm     .   (no gloves)
MR       .....                  (no barding)
Stlth    ..........             E - amulet of the acrobat
HPRegen  0.24/turn              f - ring of positive energy
MPRegen  0.14/turn              k - ring of see invisible

@: very quick
A: large, hooves 3, deformed body, speed 2, tough skin 3, weak 1
a: Depart the Abyss, Bend Space, Banish, Corrupt, Enter the Abyss, Renounce
Religion


You were on level 9 of the Dungeon.
You worshipped Lugonu.
Lugonu was extremely pleased with you.
You were not hungry.

You visited 1 branch of the dungeon, and saw 9 of its levels.
You visited the Abyss 1 time.

You collected 461 gold pieces.
You spent 154 gold pieces at shops.

Inventory:

Hand Weapons
 a - a +2 vampiric hand axe
 y - a +1 hand axe of electrocution (weapon)
Missiles
 C - 3 tomahawks (quivered)
Armour
 p - a +2 cloak (worn)
 r - a +0 shield (worn)
 B - a +0 scale mail (worn)
Jewellery
 f - a ring of positive energy (left hand)
 k - a ring of see invisible (right hand)
 l - an uncursed ring of resist corrosion
 E - an amulet of the acrobat (around neck)
Wands
 m - a wand of random effects (19)
 s - a wand of paralysis (9)
 v - a wand of iceblast (6)
 A - a wand of polymorph (8)
Scrolls
 d - 6 scrolls of teleportation
 e - 2 scrolls of amnesia
 g - 3 scrolls of remove curse
 h - 5 scrolls of identify
 G - a scroll of fear {unknown}
Potions
 b - a potion of magic
 i - 2 potions of might {unknown}
 j - 3 potions of curing {unknown}
 n - 2 potions of brilliance {unknown}
 o - a potion of agility {unknown}
 q - 2 potions of heal wounds {unknown}
 t - a potion of lignification {unknown}
 u - 2 potions of flight {unknown}
 w - a potion of cancellation {unknown}
 z - a potion of haste {unknown}
 D - a potion of degeneration {unknown}
 F - a potion of resistance
 H - a potion of invisibility {unknown}
Comestibles
 c - 7 rations


   Skills:
 + Level 7.3 Fighting
 + Level 7.0 Axes
 * Level 5.6 Armour
 * Level 4.6 Dodging
 + Level 0.2 Shields
 * Level 6.7 Invocations
 + Level 0.6 Evocations


You had 9 spell levels left.
You didn't know any spells.
Your spell library contained the following spells:

 Spells                   Type           Power        Failure   Level  Hunger
 Animate Skeleton         Necr           N/A          100%        1    ##.....
 Apportation              Tloc           #.....       100%        1    ##.....
 Confusing Touch          Hex            #.....       100%        1    ##.....
 Summon Small Mammal      Summ           #...         100%        1    ##.....


Dungeon Overview and Level Annotations

Branches:
Dungeon (9/15)             Temple (0/1) D:7
   Lair: D:8-11         Orc: D:9-12

Altars:
Nemelex Xobeh
Ru
Xom

Shops:
D:5 :   D:7 *

Annotations:
D:9 Gastronok


Innate Abilities, Weirdness & Mutations

You have hooves in place of feet.
Armour fits poorly on your strangely shaped body.
You cover ground very quickly.
You have extremely tough skin. (AC +3)
You are weak. (Str -2)


Message History

Gastronok waves his eye-stalks in wide circles.
The air twists around and strikes you!
You hit Gastronok. You kick Gastronok, but do no damage.
Gastronok is moderately wounded.
Gastronok bites you!!
You hit Gastronok but do no damage. You kick Gastronok.
Gastronok is moderately wounded.
You hit Gastronok.
Gastronok is moderately wounded.
Gastronok bites you!
* * * LOW HITPOINT WARNING * * *
Unknown command.
It was a potion of magic.
Magic courses through your body.
Press: ? - help, Shift-Dir - straight line, f - Gastronok
Aim: Gastronok, wearing a +1 hat of magic resistance (moderately wounded, covering ground quickly, chance to defeat MR: 10%) Gastronok resists with almost no effort.
You feel somewhat more hungry.
Gastronok waves his eye-stalks in wide circles.
The air twists around and strikes you!
You die...

#..................#.#
#..#######+#######.###
#.w# #.# .# #..#
#####.##### . #..#
#...'.'...# #..#
#.###.###.# #..# #.#
#.# #w#
#..###'###.###'###
#".'........@w...+
#..###+###.###+###
#..# #.# #..# #.# #..#
+.+ #..# #.# #..# #.#
#..# #+#


You could see Gastronok.

Vanquished Creatures
  A two-headed ogre (D:8)
  Eustachio (D:5)
  A steam dragon (D:8)
  A hungry ghost (D:7)
  Edmund (D:5)
  2 ice beasts
  2 orc warriors (D:8)
  A phantom (D:4)
  2 centaurs
  5 ogres
  A big kobold (D:7)
  5 bullfrogs
  A water moccasin zombie (D:7)
  2 scorpions
  2 howler monkeys
  2 bullfrog zombies
  6 crimson imps
  6 hounds
  2 jellies
  2 orc priests
  10 orc wizards
  Ijyb (D:3)
  Jessica (D:3)
  4 worker ants
  3 iguanas
  A killer bee zombie (D:5)
  A hound skeleton (D:7)
  6 gnolls
  6 adders
  2 shadow imps
  7 worms
  7 leopard geckos
  29 orcs
  A ball python (D:2)
  4 giant cockroaches
  6 goblins
  12 hobgoblins
  9 jackals
  13 kobolds
  A quokka (D:7)
  10 bats
  3 frilled lizards
  A jackal zombie (D:1)
  A leopard gecko skeleton (D:6)
  3 leopard gecko zombies
  3 quokka skeletons
  A quokka zombie (D:7)
  12 rats
204 creatures vanquished.

Vanquished Creatures (collateral kills)
  A ynoxinul (Abyss:2)
  A large abomination (Abyss:2)
  3 neqoxecs (Abyss:2)
  A chaos spawn (Abyss:2)
  2 iron imps (Abyss:2)
8 creatures vanquished.

Vanquished Creatures (others)
  6 starspawn tentacles (Abyss:2)
6 creatures vanquished.

Grand Total: 218 creatures vanquished

Notes
Turn   | Place    | Note
-------+----------+-------------------------------------------
     0 | Abyss:1  | Gargoyl the Centaur Abyssal Knight began the quest for the
                  | Orb.
     0 | Abyss:1  | Reached XP level 1. HP: 19/19 MP: 2/2
     4 | Abyss:1  | Found a corrupted altar of Lugonu.
    64 | Abyss:2  | Noticed an iron imp
    85 | Abyss:2  | Killed an iron imp
    85 | Abyss:2  | Reached XP level 2. HP: 7/27 MP: 3/3
   101 | Abyss:2  | Noticed a ynoxinul
   110 | Abyss:2  | Killed a ynoxinul
   110 | Abyss:2  | Reached XP level 3. HP: 7/34 MP: 4/4
   110 | Abyss:2  | Reached XP level 4. HP: 9/41 MP: 5/5
   137 | Abyss:2  | Noticed a neqoxec
   148 | Abyss:2  | Killed a neqoxec
   148 | Abyss:2  | Reached XP level 5. HP: 14/47 MP: 6/6
   157 | Abyss:2  | Noticed a neqoxec
   166 | Abyss:2  | Killed a neqoxec
   166 | Abyss:2  | Reached skill level 5 in Fighting
   170 | Abyss:2  | Noticed a large abomination
   187 | Abyss:2  | Killed a large abomination
   187 | Abyss:2  | Reached XP level 6. HP: 23/56 MP: 8/8
   215 | Abyss:2  | Noticed a chaos spawn
   224 | Abyss:2  | Killed a chaos spawn
   235 | Abyss:2  | Noticed a tentacled starspawn
   243 | Abyss:2  | Found an opulent altar of Gozag.
   262 | Abyss:2  | Noticed a neqoxec
   264 | Abyss:2  | Gained mutation: You are weak. (Str -2) [a neqoxec]
   267 | Abyss:2  | Noticed a raiju
   275 | Abyss:2  | Noticed a worldbinder
   276 | Abyss:2  | Killed a neqoxec
   276 | Abyss:2  | Reached skill level 1 in Dodging
   277 | D:1      | Escaped the Abyss
   790 | D:1      | Reached * piety under Lugonu
  1779 | D:2      | Reached XP level 7. HP: 33/62 MP: 9/9
  2223 | D:2      | Reached ** piety under Lugonu
  2733 | D:3      | Noticed Jessica
  2762 | D:3      | Killed Jessica
  3107 | D:3      | Noticed Ijyb
  3120 | D:3      | Killed Ijyb
  3814 | D:4      | Found a shimmering altar of Xom.
  3986 | D:4      | Paralysed by an orc for 2 turns
  4275 | D:4      | Reached *** piety under Lugonu
  4275 | D:4      | Reached XP level 8. HP: 58/70 MP: 9/11
  4601 | D:4      | Found a sacrificial altar of Ru.
  4725 | D:5      | Entered Level 5 of the Dungeon
  4753 | D:5      | Noticed Edmund
  4796 | D:5      | Killed Edmund
  5144 | D:5      | You fall through a shaft!
  5220 | D:5      | Noticed Eustachio
  5257 | D:5      | Killed Eustachio
  5257 | D:5      | Reached skill level 5 in Axes
  5787 | D:5      | Found Asoheam's Book Shoppe.
  6748 | D:5      | Reached skill level 5 in Invocations
  6748 | D:5      | Reached XP level 9. HP: 61/78 MP: 12/12
  6876 | D:6      | Reached **** piety under Lugonu
  8083 | D:7      | Found a staircase to the Ecumenical Temple.
  8087 | D:7      | Found a sparkling altar of Nemelex Xobeh.
  8355 | D:7      | Found Kiuf's Assorted Antiques.
  8770 | D:7      | Reached ***** piety under Lugonu
  8836 | D:7      | Bought a scroll labeled RIMELOL DUPN for 28 gold pieces
  8836 | D:7      | Bought a shield for 126 gold pieces
  8976 | D:8      | Noticed a two-headed ogre
  9412 | D:8      | Reached skill level 5 in Armour
  9644 | D:8      | Killed a two-headed ogre
  9644 | D:8      | Reached XP level 10. HP: 86/86 MP: 13/15
 10345 | D:8      | Got a brightly glowing flail
 10346 | D:8      | Identified the +6 flail of Bataseos {crush, rElec rPois rF-
                  | Stlth+} (You found it on level 8 of the Dungeon)
 10515 | D:9      | Noticed Gastronok
 10699 | D:9      | Killed from afar by Gastronok

Skill      XL: |  1  2  3  4  5  6  7  8  9 10 |
---------------+-------------------------------+-----
Axes           | 2 3 4 5 6 7 |  7.0
Fighting       | 4 5 6 7 |  7.3
Armour         | 2 3 4 5 |  5.6
Dodging        | 1 2 3 4 |  4.6
Invocations    | 3 4 5 6 |  6.7
Shields        | |  0.2
Evocations     | |  0.6

Action                   |  1- 3 |  4- 6 |  7- 9 | 10-12 || total
-------------------------+-------+-------+-------+-------++-------
Melee: Hand axe          |    10 |    97 |   724 |    51 ||   882
       Kick              |     1 |    19 |   151 |    15 ||   186
Throw: Tomahawk          |       |       |     3 |       ||     3
Invok: Depart the Abyss  |       |     1 |       |       ||     1
       Banish            |       |       |       |     1 ||     1
Evoke: Box of beasts     |     1 |     3 |       |       ||     4
       Wand              |       |       |    10 |       ||    10
  Use: Potion            |     1 |       |       |     1 ||     2
       Scroll            |       |     7 |     7 |     3 ||    17
 Stab: Paralysed         |       |       |     5 |       ||     5
  Eat: Chunk             |       |     1 |    14 |       ||    15
       Ration            |       |       |     5 |     1 ||     6
Armor: Leather armour    |     4 |    36 |   297 |       ||   337
       Scale mail        |       |       |    34 |    20 ||    54
Dodge: Dodged            |     6 |    51 |   408 |    16 ||   481
Block: Shield            |       |       |    25 |    16 ||    41
